PA
COLUMBIA RIVER RATS @ WASHINGTON GENERALS
08/08/2025
 
TOP OF THE 1ST
Columbia River Rats batting - Pitching for Washington Generals : RHP Baker Mayfield
Pitching: RHP Baker Mayfield
Batting: RHB Héctor Rodríguez 0-0: Ball
1-0: Ball
2-0: Fly out, F8 (Flyball, 8LM)
Batting: RHB Jim Unknown 0-0: Ball
1-0: Swinging Strike
1-1: Ball
2-1: Ground out 5-3 (Groundball, 56)
Batting: RHB Miguel Montoya 0-0: Called Strike
0-1: Ball
1-1: Swinging Strike
1-2: Ball
2-2: Foul Ball, location: 2F
2-2: Fly out, F4 (Popup, 34D)
Top of the 1st over - 0 run(s), 0 hit(s), 0 error(s), 0 left on base; Columbia 0 - Washington 0
BOTTOM OF THE 1ST
Washington Generals batting - Pitching for Columbia River Rats : RHP Jim Unknown
Pitching: RHP Jim Unknown
Batting: SHB Dennis Barraclough 0-0: Ball
1-0: Called Strike
1-1: Ball
2-1: Swinging Strike
2-2: Strikes out swinging
Batting: RHB Raúl García 0-0: Ball
1-0: Called Strike
1-1: Foul Ball, location: 2F
1-2: Ball
2-2: Strikes out looking
Batting: SHB Enrique Costello 0-0: Ball
1-0: Ball
2-0: Ground out 4-3 (Groundball, 4MD)
Bottom of the 1st over - 0 run(s), 0 hit(s), 0 error(s), 0 left on base; Columbia 0 - Washington 0
TOP OF THE 2ND
Columbia River Rats batting - Pitching for Washington Generals : RHP Baker Mayfield
Batting: LHB Tomás Valenzuela 0-0: Ball
1-0: Called Strike
1-1: Foul Ball, location: 2F
1-2: Ground out 4-3 (Groundball, 4)
Batting: RHB Ron Spence 0-0: Ball
1-0: Foul Ball, location: 2F
1-1: Ball
2-1: Ball
3-1: Base on Balls
Batting: RHB JoJo Victory 0-0: Ball
Ron Spence steals 2nd base
1-0: Ball
2-0: Foul Ball, location: 2F
2-1: Foul Ball, location: 2F
2-2: Ground out 5-3 (Groundball, 56)
Batting: RHB Ellis Harless 0-0: Called Strike
0-1: Ball
1-1: Ball
2-1: Ball
3-1: Ground out 5-3 (Groundball, 5L)
Top of the 2nd over - 0 run(s), 0 hit(s), 0 error(s), 1 left on base; Columbia 0 - Washington 0
BOTTOM OF THE 2ND
Washington Generals batting - Pitching for Columbia River Rats : RHP Jim Unknown
Batting: RHB Britt Lynch 0-0: Ball
1-0: Called Strike
1-1: Foul Ball, location: 2F
1-2: Strikes out swinging
Batting: RHB Gustavo González 0-0: Called Strike
0-1: Ball
1-1: Fly out, F8 (Flyball, 89S)
Batting: RHB Roberto Aguirre 0-0: Ball
1-0: Called Strike
1-1: Called Strike
1-2: Ball
2-2: Ball
3-2: Ground out 5-3 (Groundball, 5)
Bottom of the 2nd over - 0 run(s), 0 hit(s), 0 error(s), 0 left on base; Columbia 0 - Washington 0
TOP OF THE 3RD
Columbia River Rats batting - Pitching for Washington Generals : RHP Baker Mayfield
Batting: RHB Gil Simmons 0-0: Called Strike
0-1: Ball
1-1: Ball
2-1: Foul Ball, location: 2F
2-2: Foul Ball, location: 2F
2-2: Fly out, F8 (Line Drive, 8RD)
Batting: RHB Mason Holling 0-0: Called Strike
0-1: Fly out, F9 (Flyball, 9)
Batting: RHB Héctor Rodríguez 0-0: Ball
1-0: Foul Ball, location: 2F
1-1: Swinging Strike
1-2: Foul Ball, location: 2F
1-2: Ground out 5-3 (Groundball, 56)
Top of the 3rd over - 0 run(s), 0 hit(s), 0 error(s), 0 left on base; Columbia 0 - Washington 0
BOTTOM OF THE 3RD
Washington Generals batting - Pitching for Columbia River Rats : RHP Jim Unknown
Batting: RHB Mike Isley 0-0: Ball
1-0: Ball
2-0: Ball
3-0: Foul Ball, location: 2F
3-1: Hit by Pitch
Batting: RHB José Rivera 0-0: Called Strike
0-1: Foul Ball, location: 2F
0-2: Ball
1-2: Foul Ball, location: 2F
1-2: Ball
2-2: Strikes out swinging
Batting: RHB Michael Douglas 0-0: Foul Ball, location: 2F
0-1: Ball
1-1: Ball
2-1: Fly out, F9 (Line Drive, 9)
Batting: SHB Dennis Barraclough 0-0: Called Strike
Mike Isley steals 2nd base
0-1: Swinging Strike
0-2: Foul Ball, location: 2F
0-2: Ball
1-2: Ball
2-2: Ball
3-2: Fly out, F8 (Flyball, 8LD)
Bottom of the 3rd over - 0 run(s), 0 hit(s), 0 error(s), 1 left on base; Columbia 0 - Washington 0
TOP OF THE 4TH
Columbia River Rats batting - Pitching for Washington Generals : RHP Baker Mayfield
Batting: RHB Jim Unknown 0-0: Ground out 6-3 (Groundball, 6M)
Batting: RHB Miguel Montoya 0-0: Ball
1-0: Ball
2-0: Foul Ball, location: 2F
2-1: Foul Ball, location: 2F
2-2: Ball
3-2: Base on Balls
Batting: LHB Tomás Valenzuela 0-0: Called Strike
0-1: Ball
1-1: Ball
2-1: Ball
3-1: Base on Balls
Miguel Montoya to second
Batting: RHB Ron Spence 0-0: Ball
1-0: Ball
2-0: Ball
3-0: Base on Balls
Miguel Montoya to third
Tomás Valenzuela to second
Batting: RHB JoJo Victory 0-0: Ball
1-0: SINGLE (Line Drive, 7LS)
Miguel Montoya scores
Tomás Valenzuela to third
Ron Spence to second
Runner from 3rd tries for Home, SAFE, no throw
Batting: RHB Ellis Harless 0-0: Ball
1-0: Ball
2-0: Ball
3-0: Base on Balls
Ron Spence to third
JoJo Victory to second
Batting: RHB Gil Simmons 0-0: Foul Ball, location: 2F
0-1: Called Strike
0-2: Ball
1-2: Ball
2-2: Fly out, F9 (Flyball, 9LS)
Batting: RHB Mason Holling 0-0: Ball
1-0: Swinging Strike
1-1: Ball
Passed Ball!
Ron Spence scores
JoJo Victory to third
Ellis Harless to second
2-1: Ball
3-1: Base on Balls
Batting: RHB Héctor Rodríguez 0-0: Ball
1-0: Ball
2-0: Fly out, F4 (Line Drive, 4)
Top of the 4th over - 3 run(s), 1 hit(s), 0 error(s), 3 left on base; Columbia 3 - Washington 0
BOTTOM OF THE 4TH
Washington Generals batting - Pitching for Columbia River Rats : RHP Jim Unknown
Batting: RHB Raúl García 0-0: Ball
1-0: Swinging Strike
1-1: Swinging Strike
1-2: Foul Ball, location: 2F
1-2: Ball
2-2: Ball
3-2: Foul Ball, location: 2F
3-2: SINGLE (Groundball, 56D)
Batting: SHB Enrique Costello 0-0: SINGLE (Line Drive, 9LM)
Raúl García to second
Batting: RHB Britt Lynch 0-0: Ball
1-0: Ball
Wild Pitch!
Raúl García to third
Enrique Costello to second
2-0: Ground out 5-3 (Groundball, 56S)
Raúl García scores
Enrique Costello to third
Batting: RHB Gustavo González 0-0: SINGLE (Groundball, 6MD)
Enrique Costello scores
Batting: RHB Roberto Aguirre 0-0: SINGLE (Flyball, 9LS)
Gustavo González to second
Runner from 2nd tries for 3rd, SAFE, throw made to third
Batting: RHB Mike Isley 0-0: Called Strike
0-1: Ball
1-1: Ground out 4-3 (Groundball, 4S)
Gustavo González scores
Roberto Aguirre to second
Batting: RHB José Rivera 0-0: Ball
1-0: Ball
2-0: SINGLE (Flyball, 89S)
Roberto Aguirre to third
Batting: RHB Michael Douglas 0-0: Foul Ball, location: 2F
0-1: Fly out, F5 (Popup, 5S)
Bottom of the 4th over - 3 run(s), 5 hit(s), 0 error(s), 2 left on base; Columbia 3 - Washington 3
TOP OF THE 5TH
Columbia River Rats batting - Pitching for Washington Generals : RHP Baker Mayfield
Batting: RHB Jim Unknown 0-0: Ball
1-0: Called Strike
1-1: Ground out 6-3 (Groundball, 56)
Batting: RHB Miguel Montoya 0-0: Called Strike
0-1: Ball
1-1: Ball
2-1: Ball
3-1: Called Strike
3-2: SINGLE (Line Drive, 6MD)
Batting: LHB Tomás Valenzuela 0-0: Foul Ball, location: 2F
0-1: Ball
1-1: Ball
2-1: Fly out, F9 (Line Drive, 9)
Batting: RHB Ron Spence 0-0: Ball
1-0: Ball
2-0: Called Strike
2-1: Foul Ball, location: 2F
2-2: Ball
3-2: Strikes out swinging
Top of the 5th over - 0 run(s), 1 hit(s), 0 error(s), 1 left on base; Columbia 3 - Washington 3
BOTTOM OF THE 5TH
Washington Generals batting - Pitching for Columbia River Rats : RHP Jim Unknown
Batting: SHB Dennis Barraclough 0-0: Ball
1-0: Called Strike
1-1: Ball
2-1: Fly out, F8 (Flyball, 8RS)
Batting: RHB Raúl García 0-0: Ball
1-0: Ball
2-0: Ball
3-0: Base on Balls
Batting: SHB Enrique Costello 0-0: Ball
1-0: Ball
2-0: Ball
3-0: Called Strike
3-1: Foul Ball, location: 2F
3-2: Foul Ball, location: 2F
3-2: Fly out, F3 (Popup, 3L)
Batting: RHB Britt Lynch 0-0: Foul Ball, location: 2F
0-1: Called Strike
0-2: Foul Ball, location: 2F
0-2: Ball
1-2: Ball
2-2: Foul Ball, location: 2F
2-2: Strikes out swinging
Bottom of the 5th over - 0 run(s), 0 hit(s), 0 error(s), 1 left on base; Columbia 3 - Washington 3
TOP OF THE 6TH
Columbia River Rats batting - Pitching for Washington Generals : RHP Baker Mayfield
Batting: RHB JoJo Victory 0-0: Fly out, F6 (Popup, 56D)
Batting: RHB Ellis Harless 0-0: Ball
1-0: Ball
2-0: Foul Ball, location: 2F
2-1: Ball
3-1: Base on Balls
Batting: RHB Gil Simmons 0-0: SINGLE (Groundball, 6MD)
Ellis Harless to second
Runner from 2nd tries for 3rd, SAFE, throw made to third
Batting: RHB Mason Holling 0-0: Foul Ball, location: 2F
0-1: Ball
1-1: Ball
2-1: Ball
3-1: Grounds into double play, 6-4-3 (Groundball, 6)
Top of the 6th over - 0 run(s), 1 hit(s), 0 error(s), 1 left on base; Columbia 3 - Washington 3
BOTTOM OF THE 6TH
Washington Generals batting - Pitching for Columbia River Rats : RHP Jim Unknown
Batting: RHB Gustavo González 0-0: Fly out, F9 (Line Drive, 9S)
Batting: RHB Roberto Aguirre 0-0: Called Strike
0-1: Foul Ball, location: 2F
0-2: Strikes out looking
Batting: RHB Mike Isley 0-0: Called Strike
0-1: Ball
1-1: Ground out 4-3 (Groundball, 4)
Bottom of the 6th over - 0 run(s), 0 hit(s), 0 error(s), 0 left on base; Columbia 3 - Washington 3
TOP OF THE 7TH
Columbia River Rats batting - Pitching for Washington Generals : RHP Baker Mayfield
Pinch Hitting: LHB Edward Woodstock 0-0: Called Strike
0-1: Foul Ball, location: 2F
0-2: Ball
1-2: SINGLE (Groundball, 3S) (infield hit)
Pitching: RHP Dorian Roberts
Batting: RHB Jim Unknown
Pinch Hitting: LHB Juan Montés 0-0: Called Strike
0-1: Ball
1-1: Bunted foul
1-2: Ball
2-2: Ball
3-2: Foul Ball, location: 2F
3-2: Base on Balls
Edward Woodstock to second
Batting: RHB Miguel Montoya 0-0: Ball
1-0: Called Strike
1-1: Fly out, F9 (Flyball, 9LS)
Batting: LHB Tomás Valenzuela 0-0: Ball
Edward Woodstock is caught stealing 3rd base
Juan Montés to second
1-0: Foul Ball, location: 2F
1-1: Ball
2-1: Reached on error, E9 (Flyball, 9)
Juan Montés scores
Batting: RHB Ron Spence 0-0: Foul Ball, location: 2F
0-1: Swinging Strike
0-2: Ball
1-2: Ball
2-2: Fly out, F5 (Popup, 5L)
Top of the 7th over - 1 run(s), 1 hit(s), 1 error(s), 1 left on base; Columbia 4 - Washington 3
BOTTOM OF THE 7TH
Washington Generals batting - Pitching for Columbia River Rats : RHP Jim Unknown
Now at 2B: Fernando Arévalo
Now at SS: Jim Unknown
Batting: RHB José Rivera 0-0: Foul Ball, location: 2F
0-1: Ball
1-1: Ball
2-1: Swinging Strike
2-2: DOUBLE (Line Drive, 78M)
Pitching: RHP Jim Unknown
Batting: RHB Michael Douglas 0-0: Ball
1-0: Ball
2-0: Foul Ball, location: 2F
2-1: Ground out 5-3 (Groundball, 56)
Batting: SHB Dennis Barraclough 0-0: Ball
1-0: Ball
2-0: Called Strike
2-1: Fly out, F7 (Flyball, 7)
Batting: RHB Raúl García 0-0: Called Strike
0-1: Ball
1-1: Called Strike
1-2: Ball
2-2: Strikes out swinging
Bottom of the 7th over - 0 run(s), 1 hit(s), 0 error(s), 1 left on base; Columbia 4 - Washington 3
TOP OF THE 8TH
Columbia River Rats batting - Pitching for Washington Generals : RHP Dorian Roberts
Batting: RHB JoJo Victory 0-0: Called Strike
0-1: Ball
1-1: Ball
2-1: Swinging Strike
2-2: Strikes out swinging
Batting: RHB Ellis Harless 0-0: Called Strike
0-1: Ball
1-1: Called Strike
1-2: SINGLE (Groundball, 6D)
Batting: RHB Gil Simmons 0-0: Ball
1-0: Grounds into double play, 4-6-3 (Groundball, 4)
Top of the 8th over - 0 run(s), 1 hit(s), 0 error(s), 0 left on base; Columbia 4 - Washington 3
BOTTOM OF THE 8TH
Washington Generals batting - Pitching for Columbia River Rats : RHP Jim Unknown
Pitching: RHP Luis López
Batting: SHB Enrique Costello 0-0: Ball
1-0: Swinging Strike
1-1: Ball
2-1: Foul Ball, location: 2F
2-2: Fly out, F8 (Line Drive, 8RD)
Batting: RHB Britt Lynch 0-0: Ball
1-0: Ball
2-0: Swinging Strike
2-1: Ball
3-1: Called Strike
3-2: Ground out 1-3 (Groundball, 13)
Batting: RHB Gustavo González 0-0: Foul Ball, location: 2F
0-1: Ball
1-1: Swinging Strike
1-2: Strikes out swinging
Bottom of the 8th over - 0 run(s), 0 hit(s), 0 error(s), 0 left on base; Columbia 4 - Washington 3
TOP OF THE 9TH
Columbia River Rats batting - Pitching for Washington Generals : RHP Dorian Roberts
Batting: RHB Mason Holling 0-0: Swinging Strike
0-1: Swinging Strike
0-2: Foul Ball, location: 2F
0-2: Ball
1-2: Strikes out swinging
Batting: RHB Jim Unknown 0-0: Foul Ball, location: 2F
0-1: SINGLE (Groundball, 56) (infield hit)
Pinch Hitting: RHB José Valéncia 0-0: Called Strike
0-1: Grounds into double play, 2-6-3 (Groundball, 2R)
Top of the 9th over - 0 run(s), 1 hit(s), 0 error(s), 0 left on base; Columbia 4 - Washington 3
BOTTOM OF THE 9TH
Washington Generals batting - Pitching for Columbia River Rats : RHP Luis López
Pitching: LHP Jim Unknown
Now at 2B: Marcos Rico
Batting: RHB Roberto Aguirre 0-0: SINGLE (Line Drive, 56)
Batting: RHB Mike Isley 0-0: Bunted foul
0-1: Bunt missed!
0-2: Ball
1-2: Ball
2-2: Ball
3-2: Fly out, F7 (Flyball, 7S)
Pinch Hitting: RHB Wilbur Kramer 0-0: Foul Ball, location: 2F
0-1: Hit by Pitch
Roberto Aguirre to second
Batting: RHB Michael Douglas 0-0: Ball
1-0: Ball
2-0: Swinging Strike
2-1: Called Strike
2-2: Fly out, F8 (Flyball, 8RD)
Runner from 2nd tags up, SAFE at 3rd, no throw
Batting: SHB Dennis Barraclough 0-0: Ball
1-0: Ball
2-0: Ball
3-0: Called Strike
3-1: Base on Balls
Wilbur Kramer to second
Batting: RHB Raúl García 0-0: Called Strike
0-1: Ball
1-1: Swinging Strike
1-2: Foul Ball, location: 2F
1-2: Ball
2-2: Fielders Choice at 2nd, 4-6 (Groundball, 4)
Bottom of the 9th over - 0 run(s), 1 hit(s), 0 error(s), 2 left on base; Columbia 4 - Washington 3
Friday, December 30th, 2016 - OOTP Baseball 17.12 Build 75